 Dungeon Crawl Stone Soup version 0.28-a0-1435-g82390b3a13 (webtiles) character file.

Game seed: 14643682038431349530

427 backslashecho the Chopper (level 6, -8/56 HPs)
             Began as a Minotaur Cinder Acolyte on Jan 10, 2022.
             Was a High Priest of Ignis.
             Mangled by an orc warrior (15 damage)
             ... on level 4 of the Dungeon.
             The game lasted 00:07:26 (4887 turns).

backslashecho the Chopper (Minotaur Cinder Acolyte) Turns: 4887, Time: 00:07:27

Health: -8/56      AC:  8    Str: 20    XL:     6   Next: 65%
Magic:  6/6        EV:  6    Int: 11    God:    Ignis [*****.]
Gold:   139        SH:  5    Dex:  6    Spells: 7/7 levels left

rFire   + . .      SeeInvis .   a - -1 hand axe (flame)
rCold   . . .      Faith    .   b - +1 buckler
rNeg    . . .      Spirit   .   c - +0 chain mail
rPois   .          Reflect  .   (helmet restricted)
rElec   .          Harm     .   (no cloak)
rCorr   .          Rampage  .   (no gloves)
Will    .....                   (no boots)
Stlth   ..........              (no amulet)
HPRegen 0.18/turn               (no ring)
MPRegen 0.10/turn               (no ring)

@: no status effects
A: horns 2, retaliatory headbutt
a: Renounce Religion, Fiery Armour, Foxfire Swarm, Rising Flame


You were on level 4 of the Dungeon.
You worshipped Ignis.
Ignis was extremely pleased with you.
You visited 2 branches of the dungeon, and saw 5 of its levels.

You collected 139 gold pieces.

Inventory:

Hand Weapons
 a - a -1 hand axe of flaming (weapon)
Armour
 b - a +1 buckler (worn)
 c - a +0 chain mail (worn)
Wands
 n - a wand of iceblast (9)
Scrolls
 d - 2 scrolls of amnesia {unknown}
 f - 2 scrolls of blinking
 h - 2 scrolls of identify
 i - a scroll of magic mapping {unknown}
 l - a scroll of enchant weapon {unknown}
 m - a scroll of enchant armour
 o - 3 scrolls of noise {unknown}
Potions
 e - a potion of degeneration
 g - 2 potions of lignification {unknown}
 j - a potion of resistance {unknown}
 k - a potion of heal wounds {unknown}


   Skills:
 + Level 5.6 Fighting
 * Level 7.1 Axes
 + Level 3.2 Shields
 - Level 1.0 Spellcasting
 - Level 2.1 Fire Magic


You had 7 spell levels left.
You didn't know any spells.
Your spell library contained the following spells:

 Spells                   Type           Power      Damage    Failure   Level
 Scorch                   Fire           10%        2d6       97%         2


Dungeon Overview and Level Annotations

Branches:
Dungeon (4/15)             Temple (1/1) D:4

Altars:
Ashenzari
Cheibriados
Dithmenos
Elyvilon
Fedhas
Gozag
Hepliaklqana
Kikubaaqudgha
Makhleb
Nemelex Xobeh
Okawaru
Qazlal
Ru
Sif Muna
Trog
Uskayaw
Vehumet
Wu Jian
Xom
Yredelemnul
Zin
The Shining One


Innate Abilities, Weirdness & Mutations

You have a pair of horns on your head.
You reflexively headbutt those who attack you in melee.


Message History

The orc wizard enters a dispersal trap!
The orc warrior blinks!
You blink.
The orc wizard blinks!
Things that are here:
a +0 robe; a +0 dagger You block the orc warrior's attack.
You hit the orc warrior. You burn the orc warrior.
The orc warrior is heavily wounded.
The orc warrior hits you with a +0 long sword!
You take 7 damage, and have 31/56 hp.
You hit the orc warrior but do no damage.
Your headbutt misses the orc warrior.
The orc warrior is heavily wounded.
The orc warrior hits you with a +0 long sword!
You take 11 damage, and have 20/56 hp.
You hit the orc warrior. You burn the orc warrior.
The orc warrior is severely wounded.
The orc warrior hits you but does no damage.
The orc wizard enters a dispersal trap!
The orc warrior blinks!
You blink.
The orc wizard blinks!
You hit the orc warrior but do no damage.
The orc warrior is severely wounded.
The orc warrior hits you with a +0 long sword!
* * * LOW HITPOINT WARNING * * *
You take 8 damage, and have 12/56 hp.
You hit the orc warrior but do no damage.
Your headbutt misses the orc warrior.
The orc warrior is severely wounded.
The orc warrior barely misses you.
You closely miss the orc warrior.
The orc warrior is severely wounded.
You block the orc warrior's attack.
You hit the orc warrior but do no damage.
The orc warrior is severely wounded.
The orc warrior hits you with a +0 long sword.
* * * LOW HITPOINT WARNING * * *
You take 6 damage, and have 7/56 hp.
You closely miss the orc warrior. Your headbutt misses the orc warrior.
The orc warrior is severely wounded.
The orc warrior hits you with a +0 long sword!
You die...

##.........#
#..........##
>...........#
............#
............#
............### ########
............o.###......##
#............^..........#
####.......###@o........#
#######.# #..........#
#.# #..........# #####.#
#<.........#
###...#.####.........#
#........# ##..[....##
#........## #.......#
#.........# ##......#
#.........## ##....##


You could see an orc warrior and an orc wizard.

Vanquished Creatures
  An ogre (D:4)
  A bullfrog (D:4)
  A centaur zombie (D:3)
  A hound (D:4)
  An iguana (D:4)
  Ijyb (D:3)
  An orc wizard (D:4)
  Robin (D:3)
  3 adders (D:4)
  An adder zombie (D:2)
  A dart slug (D:1)
  3 orcs
  2 bats (D:1)
  A bat zombie (D:2)
  11 endoplasms
  8 giant cockroaches
  8 hobgoblins
  3 jackals (D:4)
  4 quokkas
  8 ball pythons
  3 frilled lizards
  9 goblins
  8 kobolds
  7 rats
88 creatures vanquished.

Notes
Turn   | Place    | Note
-------+----------+-------------------------------------------
     0 | D:1      | backslashecho the Minotaur Cinder Acolyte began the quest
                  | for the Orb.
     0 | D:1      | Reached XP level 1. HP: 19/19 MP: 1/1
   284 | D:1      | Reached skill level 4 in Axes
   309 | D:1      | Reached XP level 2. HP: 27/27 MP: 2/2
   728 | D:1      | Reached XP level 3. HP: 10/33 MP: 3/3
  1293 | D:1      | Found a faded altar of an unknown god.
  1749 | D:2      | Reached skill level 5 in Axes
  2428 | D:3      | Reached XP level 4. HP: 37/41 MP: 4/4
  2519 | D:3      | Reached skill level 1 in Shields
  2595 | D:3      | Noticed Robin
  2604 | D:3      | Killed Robin
  2970 | D:3      | Noticed Ijyb
  2982 | D:3      | Killed Ijyb
  2983 | D:3      | Reached XP level 5. HP: 25/47 MP: 5/5
  3242 | D:4      | Reached skill level 6 in Axes
  3254 | D:4      | Reached skill level 5 in Fighting
  3543 | D:4      | Found a shimmering blue altar of Sif Muna.
  3691 | D:4      | Reached XP level 6. HP: 50/56 MP: 6/6
  3742 | D:4      | Found a staircase to the Ecumenical Temple.
  3770 | Temple   | Entered the Ecumenical Temple
  4252 | D:4      | Noticed an orc warrior
  4256 | D:4      | Reached skill level 7 in Axes
  4887 | D:4      | Mangled by an orc warrior

Illustrated notes

Levels and vault maps discovered:
D:1:      matt_arrival_los_fun, layout_basic,
          shapermc_ecumenical_altar_mp_urbaneastern
D:2:      layout_basic, serial_undead, serial_undead_b, serial_undead_e,
          serial_undead_c, serial_undead_e, chequers_arboretum
D:3:      layout_basic, uniq_robin, uniq_ijyb
D:4:      layout_cave_pods, mainiacjoe_overflow_paths,
          minmay_temple_entry_waves, ebering_ghost_rock_garden,
          amcnicky_mini_rare_corridor_liquid, minmay_bisected
Temple:   mainiacjoe_temple_trianglar_array

Skill      XL: |  1  2  3  4  5  6 |
---------------+-------------------+-----
Axes           | 4 5 6 7 |  7.1
Fighting       | 4 5 |  5.6
Shields        | 1 2 3 |  3.2
Spellcasting   | |  1.0
Fire Magic     | |  2.1

Action                   |  1- 3 |  4- 6 || total
-------------------------+-------+-------++-------
Melee: Hand axe          |   137 |   153 ||   290
       Headbutt          |    14 |    22 ||    36
Evoke: Wand              |       |     2 ||     2
  Use: Scroll            |     1 |     2 ||     3
Armor: Chain mail        |    71 |    63 ||   134
       Robe              |     2 |       ||     2
Dodge: Dodged            |    36 |    39 ||    75
Block: Buckler           |    10 |    25 ||    35

Table legend: (Time is in decaauts)
 A = Elapsed time spent in this place.
 B = Non-inter-level travel time spent in this place.
 C = Inter-level travel time spent in this place.
 D = Time resting spent in this place.
 E = Time spent auto-exploring this place.
 F = Levels seen in this place.
 G = Mean time per level.
                   A        B        C        D        E       F      G
               +--------+--------+--------+--------+--------+-----+--------+
         Total |   4913 |   4623 |    290 |    922 |   2846 |   5 |  982.6 |
       Dungeon |   4507 |   4240 |    267 |    922 |   2463 |   4 | 1126.8 |
        Temple |    406 |    383 |     23 |      0 |    383 |   1 |  406.0 |
               +--------+--------+--------+--------+--------+-----+--------+

Top non-repeatable levels by time:
     D:1: 1378 daAuts
     D:3: 1348 daAuts
     D:4: 949 daAuts
     D:2: 830 daAuts
  Temple: 406 daAuts
